Unix NetHack Version 5.0.0-0 post-release - last build May  4 2026 22:22:43 (774f63e81ad911689b3a0859ea89b322d5daca8d,branch:main).

Game began 2026-05-05 11:04:23, ended 2026-05-05 11:20:17.

01245990302, chaotic male elven Wizard

                                                      ----
                                                      |..--
                                                    ---...|.
                                                   --......-
                                                 | |.......|
                                                 |.........---- |
                                                 ----.|`...^..|.|
                                                    |.|---......|
                                                   --.----....|.-
                                             -..  --....|.....|..
                                             -.....G@.........<|
                                            -.......--.........|
                                         ......................|
                                           ----.... --........--
                                              |.G.-  --.......|
                                              |..-    -----..--
                                              ---         ----

01245990302 the Evoker    St:10 Dx:13 Co:13 In:20 Wi:10 Ch:10  Chaotic
Dlvl:3  $:22 HP:0(19) Pw:16(16) AC:9  Xp:2 T:906 

Latest messages:
 The grid bug bites!
 You get zapped!
 You kill the grid bug!
 There is a doorway here.
 You see here a crude dagger.
 You try to move the boulder, but in vain.
 You try to move the boulder, but in vain.
 You stop.  Your kitten is in the way!
 The door opens.
 The goblin hits!
 You kill the goblin!
 You see here a goblin corpse.
 Your kitten eats a goblin corpse.
 This door is locked.
 This door is locked.
 This door is locked.
 This door is locked.
 In what direction? 8
 Whammm!!
 In what direction? 8
 As you kick the door, it crashes open!
 What do you want to eat? [s or ?*] s
 This food really hits the spot!
 You stop eating the food ration.
 The kitten misses the giant rat.
 You hit the giant rat!
 You knock the giant rat back with a forceful blow!
 The kitten misses the giant rat.
 The kitten bites the giant rat.
 The giant rat is killed!
 There is a doorway here.
 You see here a crude dagger.
 You descend the stairs.
 A board beneath you squeaks an E note loudly.
 You miss the gnome.
 The gnome hits!
 The gnome shoots an arrow!
 You are hit by an arrow!
 You miss the gnome.
 The gnome shoots an arrow!
 You are hit by an arrow!
 You miss the gnome.
 You miss the gnome.
 The gnome hits!
 You die...
 Do you want your possessions identified? [ynq] (y) y
 Do you want to see your attributes? [ynq] (y) y
 Do you want an account of creatures vanquished? [ynaq] (y) y
 Do you want to see your conduct and achievements? [ynq] (y) y
 Do you want to see the dungeon overview? [ynq] (y) y

Inventory:
 Coins    ('$')
  $ - 22 gold pieces
 Weapons  (')')
  r - a +0 orcish dagger
  a - a blessed +1 quarterstaff (weapon in hands)
 Armor    ('[')
  t - an uncursed +2 orcish helm
  b - an uncursed +0 cloak of magic resistance (being worn)
 Comestibles  ('%')
  s - an uncursed food ration
  u - an uncursed partly eaten food ration
 Scrolls  ('?')
  i - a blessed scroll of create monster
  j - an uncursed scroll of food detection
  k - an uncursed scroll of identify
 Spellbooks  ('+')
  q - an uncursed spellbook of cause fear
  m - an uncursed spellbook of drain life
  l - a blessed spellbook of force bolt
 Potions  ('!')
  h - an uncursed potion of healing
  g - an uncursed potion of sickness
  f - a blessed potion of speed
 Rings    ('=')
  e - an uncursed ring of regeneration
  d - an uncursed ring of stealth
 Wands    ('/')
  c - a wand of probing (0:5)
 Tools    ('(')
  o - an uncursed wooden flute
  n - a magic marker (0:22)

01245990302 the Wizard's attributes:

Background:
 You were an Evoker, a level 2 male elven Wizard.
 You were chaotic, on a mission for Anhur
 who was opposed by Ptah (lawful) and Thoth (neutral).
 You were right-handed.
 You were in the Gnomish Mines, on level 3.
 You entered the dungeon 906 turns ago.
 You had 31 experience points, 9 more were needed to attain level 3.

Basics:
 You had 0 out of 19 hit points.
 You had all 16 energy points (spell power).
 Your armor class was 9.
 Your wallet contained 22 zorkmids.
 Autopickup was off.

Final Characteristics:
 Your strength was 10 (limit:18).
 Your dexterity was 13 (limit:18).
 Your constitution was 13 (limit:16).
 Your intelligence was 20 (limit:20).
 Your wisdom was 10 (limit:20).
 Your charisma was 10 (limit:18).

Final Status:
 You weren't hungry.
 You were unencumbered.
 You were wielding a quarterstaff.
 You had basic skill with quarterstaff.

Final Attributes:
 You were devoutly aligned.
 You were magic-protected.
 You had infravision.
 You were warded.
 You are dead.

Miscellaneous:
 You didn't encounter any bones levels.
 Total elapsed playing time was 15 minutes and 51 seconds.

Major events:
 Turn
    1: 01245990302 the chaotic male elven Wizard entered the dungeon
  881: entered the Gnomish Mines
  906: killed by a gnome

Spells:
 Name                 Level Category     Fail Retention
 force bolt             1   attack         0%  91%-100%
 drain life             2   attack         0%  91%-100%

Skills:
 Fighting Skills
   bare handed combat [Unskilled]
   riding             [Unskilled]
 Weapon Skills
   dagger             [Unskilled]
   knife              [Unskilled]
   axe                [Unskilled]
   short sword        [Unskilled]
   club               [Unskilled]
   mace               [Unskilled]
   quarterstaff       [Basic]
   polearms           [Unskilled]
   spear              [Unskilled]
   trident            [Unskilled]
   sling              [Unskilled]
   dart               [Unskilled]
   shuriken           [Unskilled]
 Spellcasting Skills
   attack spells      [Basic]
   healing spells     [Unskilled]
   divination spells  [Unskilled]
   enchantment spells [Basic]
   clerical spells    [Unskilled]
   escape spells      [Unskilled]
   matter spells      [Unskilled]

Voluntary challenges:
 Character rerolling was not enabled.
 You were an atheist.
 You were illiterate.
 You never genocided any monsters.
 You never polymorphed an object.
 You never changed form.
 You used no wishes.
Achievements:
 You entered a shop.
 You entered the Gnomish Mines.

 The Dungeons of Doom: levels 1 to 2
    Level 1:
    Level 2:
       A general store, an altar.
       Stairs down to The Gnomish Mines.
 The Gnomish Mines:
    Level 3: <- You were here.
       Final resting place for
          you, killed by a gnome.


Vanquished creatures:
  a giant rat
  4 jackals
  3 goblins
  4 grid bugs
  5 newts
17 creatures vanquished.

No species were genocided or became extinct.

Game over:
                       ----------
                      /          \
                     /    REST    \
                    /      IN      \
                   /     PEACE      \
                  /                  \
                  |   01245990302    |
                  |      22 Au       |
                  |   killed by a    |
                  |      gnome       |
                  |                  |
                  |                  |
                  |       2026       |
                 *|     *  *  *      | *
        _________)/\\_//(\/(/\)/\//\/|_)_______

Goodbye 01245990302 the Wizard...

You died in The Gnomish Mines on dungeon level 3 with 244 points,
and 22 pieces of gold, after 906 moves.
You were level 2 with a maximum of 19 hit points when you died.

